 Dungeon Crawl Stone Soup version 0.30-a0-723-gc1506a1cf0 (webtiles) character file.

Game seed: 8736666258096048961

438852 browni3141 the Earth Mage (level 24, -3/187 HPs)
             Began as a Human Earth Elementalist on Jan 29, 2023.
             Was the Champion of Kikubaaqudgha.
             Slain by an ancient champion
             ... wielding a +1 great sword of draining
              (28 damage)
             ... on level 3 of the Crypt.
             The game lasted 04:52:48 (79440 turns).

browni3141 the Earth Mage (HuEE)                   Turns: 79440, Time: 04:52:49

Health: -3/187     AC: 17    Str: 15    XL:     24   Next: 88%
Magic:  0/50       EV: 22    Int: 41    God:    Kikubaaqudgha [******]
Gold:   1124       SH:  7    Dex: 25    Spells: 12/51 levels left

rFire   + + +      SeeInvis +    c - staff of earth
rCold   + . .      Faith    .    u - +2 buckler of Nokliagi {Fly Str-2 Int+3 Dex+5}
rNeg    + + .      Spirit   .    y - +3 ring mail of Howling Wind {Drain +Blink Int+2 Dex+7}
rPois   +          Reflect  .    F - +1 helmet of Zin's Displeasure {rF+}
rElec   .          Harm     .    Q - +2 cloak {Stlth+}
rCorr   .          Rampage  .    U - +0 pair of gloves "Daloobra" {Int+4}
Will    ++...                    B - +2 pair of boots of Quantum Leap {Regen+ Int+7 Slay-6 SInv}
Stlth   ++++++                   P - amulet "Hamauts" {Fragile rPois rF++ Regen+ Str+3}
HPRegen 2.11/turn                t - ring "Buicuoch" {Fly rC+ rN++ Str+2}
MPRegen 0.32/turn                j - ring "Duejozaemm" {rF+ Will+ MP+9}

@: flying, studying 2 skills
A: no striking features
}: 3/15 runes: barnacled, abyssal, gossamer
a: Renounce Religion, Evoke Blink, Unearth Wretches, Torment


You were on level 3 of the Crypt.
You worshipped Kikubaaqudgha.
Kikubaaqudgha was exalted by your worship.
You visited 10 branches of the dungeon, and saw 41 of its levels.
You visited the Abyss 1 time.
You also visited: Volcano and Wizlab.

You collected 4852 gold pieces.
You spent 3728 gold pieces at shops.

Inventory:

Hand Weapons
 b - a +2 whip of venom
Missiles
 g - 11 atropa-tipped darts
 v - 6 curare-tipped darts
 Y - 3 throwing nets
Armour
 u - the +2 buckler of Nokliagi (worn) {Fly Str-2 Int+3 Dex+5}
   (You acquired it on level 4 of the Lair of Beasts)

   Str:       It affects your strength (-2).
   Int:       It affects your intelligence (+3).
   Dex:       It affects your dexterity (+5).
   Fly:       It grants you flight.
 y - the +3 ring mail of Howling Wind (worn) {Drain +Blink Int+2 Dex+7}
   (You bought it in a shop on level 6 of the Dungeon)

   Int:       It affects your intelligence (+2).
   Dex:       It affects your dexterity (+7).
   +Blink:    It lets you blink.
   Drain:     It drains your maximum health when unequipped.
 B - the +2 pair of boots of Quantum Leap (worn) {Regen+ Int+7 Slay-6 SInv}
   (You bought it in a shop on level 1 of the Depths)

   Int:       It affects your intelligence (+7).
   Slay:      It affects your accuracy & damage with ranged weapons and melee
   (-6).
   SInv:      It lets you see invisible.
   Regen:     It increases your rate of health regeneration.
 F - the +1 helmet of Zin's Displeasure (worn) {rF+}
   (You bought it in a shop on level 4 of the Dungeon)

   rF:        It protects you from fire.
 Q - a +2 cloak of stealth (worn)
 U - the +0 pair of gloves "Daloobra" (worn) {Int+4}
   (You found it on level 5 of the Lair of Beasts)

   Int:       It affects your intelligence (+4).
Magical Staves
 c - a staff of earth (weapon)
 X - a staff of air
Jewellery
 e - the ring "Soewemom" {AC+4 Int+2 Dex+2}
   (You bought it in a shop on level 2 of the Dungeon)

   [ring of protection]

   AC:        It affects your AC (+4).
   Int:       It affects your intelligence (+2).
   Dex:       It affects your dexterity (+2).
 j - the ring "Duejozaemm" (right hand) {rF+ Will+ MP+9}
   (You found it in a wizard's laboratory)

   [ring of protection from fire]

   rF:        It protects you from fire.
   MP:        It affects your magic capacity (+9).
   Will:      It increases your willpower.
 t - the ring "Buicuoch" (left hand) {Fly rC+ rN++ Str+2}
   (You found it on level 11 of the Dungeon)

   [ring of flight]

   Str:       It affects your strength (+2).
   rC:        It protects you from cold.
   rN:        It greatly protects you from negative energy.
   Fly:       It grants you flight.
 D - a ring of resist corrosion
 P - the amulet "Hamauts" (around neck) {Fragile rPois rF++ Regen+ Str+3}
   (You acquired it on level 4 of the Lair of Beasts)

   [amulet of regeneration]

   Str:       It affects your strength (+3).
   rF:        It greatly protects you from fire.
   rPois:     It protects you from poison.
   Regen:     It increases your rate of health regeneration.
   Fragile:   It will be destroyed if unequipped.
 R - an amulet of magic regeneration
 Z - the ring of Worefid {Wiz Str+4 Int+4}
   (You bought it in a shop on level 2 of the Dungeon)

   [ring of wizardry]

   It improves your spell success rate.
   Str:       It affects your strength (+4).
   Int:       It affects your intelligence (+4).
Wands
 n - a wand of iceblast (11)
 r - a wand of quicksilver (9)
 z - a wand of flame (23)
 G - a wand of charming (6)
 L - a wand of polymorph (12)
Scrolls
 a - 7 scrolls of poison
 i - 5 scrolls of magic mapping
 l - 4 scrolls of silence
 p - a scroll of summoning
 q - 5 scrolls of fear
 w - 3 scrolls of fog
 A - 18 scrolls of teleportation
 E - 9 scrolls of blinking
 J - 9 scrolls of vulnerability
 K - 3 scrolls of torment
 O - 8 scrolls of enchant weapon
Potions
 f - 9 potions of haste
 h - 11 potions of brilliance
 k - 8 potions of might
 m - 5 potions of berserk rage
 o - 14 potions of lignification
 s - 10 potions of attraction
 x - a potion of heal wounds
 C - 13 potions of curing
 H - a potion of resistance
 I - 5 potions of cancellation
 M - 4 potions of magic
 S - 6 potions of invisibility
 T - 11 potions of ambrosia
 W - 30 potions of mutation
Miscellaneous
 d - a box of beasts (inert)
 N - a condenser vane (inert)
 V - a lightning rod (4/4)


   Skills:
 * Level 14.9 Fighting
 - Level 5.0(7.8) Maces & Flails
 - Level 9.4(10.0) Staves
 - Level 15.0 Dodging
 * Level 13.4 Stealth
 * Level 14.4 Spellcasting
 - Level 15.0 Conjurations
 - Level 15.0 Necromancy
 - Level 6.0 Transmutations
 - Level 6.0 Ice Magic
 - Level 15.0 Earth Magic
 * Level 12.5 Evocations


You had 12 spell levels left.
You knew the following spells:

 Your Spells              Type           Power      Damage    Failure   Level
a - Sandblast             Erth           100%       2d20      0%          1
b - Passwall              Tmut/Erth      90%        N/A       1%          2
c - Stone Arrow           Conj/Erth      100%       3d13      1%          3
d - Petrify               Tmut/Erth      100%       N/A       1%          4
e - Vampiric Draining     Necr           100%       2d13      1%          3
f - Cigotuvi's Dreadful   Necr/Pois/Air  100%       N/A       1%          2
g - Borgnjor's Vile Clut  Necr/Erth      62%        N/A       1%          5
h - Sublimation of Blood  Necr           100%       N/A       0%          2
i - Iron Shot             Conj/Erth      62%        9d12      1%          6
j - Simulacrum            Ice/Necr       43%        N/A       6%          6
k - Anguish               Hex/Necr       37%        N/A       1%          4
l - Apportation           Tloc           58%        N/A       3%          1

Your spell library contained the following spells:

 Spells                   Type           Power      Damage    Failure   Level
 Kiss of Death            Conj/Necr      100%       2d13      0%          1
 Necrotise                Necr           100%       1d9       0%          1
 Beastly Appendage        Tmut           100%       N/A       1%          1
 Sting                    Tmut/Pois      100%       1d8       1%          1
 Ensorcelled Hibernation  Hex/Ice        100%       N/A       1%          2
 Momentum Strike          Conj/Tloc      100%       3d10      1%          2
 Static Discharge         Conj/Air       100%       2-7/arc   1%          2
 Wereblood                Tmut           68%        N/A       1%          2
 Hailstorm                Conj/Ice       86%        3d17      1%          3
 Mephitic Cloud           Conj/Pois/Air  63%        N/A       1%          3
 Ozocubu's Armour         Ice            68%        N/A       1%          3
 Animate Dead             Necr           100%       N/A       1%          4
 Dispel Undead            Necr           100%       3d31      1%          4
 Leda's Liquefaction      Hex/Erth       47%        N/A       1%          4
 Agony                    Necr           100%       N/A       1%          5
 Irradiate                Conj/Tmut      43%        3d26      1%          5
 Iskenderun's Battlesphe  Conj           100%       2d15      1%          5
 Death Channel            Necr           50%        N/A       1%          6
 Spider Form              Tmut/Pois      53%        N/A       2%          3
 Ice Form                 Ice/Tmut       68%        N/A       2%          4
 Summon Small Mammal      Summ           100%       N/A       3%          1
 Arcjolt                  Conj/Air       37%        1d47      3%          5
 Lightning Bolt           Conj/Air       37%        1d55      3%          5
 Blink                    Tloc           58%        N/A       4%          2
 Lesser Beckoning         Tloc           58%        N/A       4%          2
 Poisonous Vapours        Pois/Air       58%        N/A       4%          2
 Freezing Cloud           Conj/Ice/Air   36%        6-21      4%          5
 Statue Form              Tmut/Erth      72%        N/A       6%          6
 Blade Hands              Tmut           34%        N/A       7%          5
 Call Canine Familiar     Summ           29%        N/A       9%          3
 Confusing Touch          Hex            29%        N/A       9%          3
 Gell's Gravitas          Tloc           29%        N/A       9%          3
 Portal Projectile        Hex/Tloc       58%        N/A       9%          3
 Summon Guardian Golem    Hex/Summ       29%        N/A       9%          3
 Teleport Other           Tloc           29%        N/A       9%          3
 Tukima's Dance           Hex            29%        N/A       9%          3
 Vhi's Electric Charge    Tloc/Air       58%        N/A       9%          3
 Alistair's Intoxication  Tmut/Pois      35%        N/A       24%         5
 Metabolic Englaciation   Hex/Ice        26%        N/A       24%         5
 Yara's Violent Unravell  Hex/Tmut       26%        3d11      24%         5
 Olgreb's Toxic Radiance  Pois           29%        N/A       28%         4
 Passage of Golubria      Tloc           29%        N/A       28%         4
 Borgnjor's Revivificati  Necr           50%        N/A       38%         8
 Infestation              Necr           50%        N/A       38%         8
 Lehudib's Crystal Spear  Conj/Erth      62%        10d14     38%         8
 Silence                  Hex/Air        14%        N/A       63%         5
 Summon Forest            Summ/Tloc      14%        N/A       63%         5
 Haunt                    Necr/Summ      37%        N/A       75%         7
 Spellforged Servitor     Conj/Summ      37%        N/A       75%         7
 Eringya's Noxious Bog    Tmut/Pois      26%        N/A       78%         6
 Dragon Form              Tmut           34%        N/A       91%         7
 Necromutation            Tmut/Necr      43%        N/A       95%         8
 Death's Door             Necr           50%        N/A       99%         9
 Enfeeble                 Hex            14%        N/A       100%        7
 Storm Form               Tmut/Air       26%        N/A       100%        7
 Summon Hydra             Summ           14%        N/A       100%        7
 Polar Vortex             Ice            34%        N/A       100%        9


Dungeon Overview and Level Annotations

Branches:
Dungeon (15/15)            Temple (1/1) D:4            Lair (5/5) D:10
 Shoals (4/4) Lair:2       Spider (4/4) Lair:3        Slime (0/5) Lair:4
    Orc (2/2) D:9             Elf (3/3) Orc:2        Vaults (3/5) D:13
  Crypt (3/3) Vaults:3     Depths (1/4) D:15        Volcano (visited)
 WizLab (visited)
   Tomb: Crypt:3

Altars:
Ashenzari
Cheibriados
Dithmenos
Elyvilon
Fedhas
Hepliaklqana
Kikubaaqudgha
Makhleb
Nemelex Xobeh
Okawaru
Qazlal
Ru
Sif Muna
Uskayaw
Vehumet
Wu Jian
Xom
Yredelemnul
The Shining One

Shops:
D:2 =   D:4 [   D:6 *   D:15 !   Orc:1 :   Orc:2 (*=[   Elf:1 :(   Vaults:1 [
Depths:1 [*

Portals:
Hell: Depths:1
Ziggurat: Depths:1

Annotations:
D:2 1 runed translucent door, exclusion: door, Crazy Yiuf
D:7 exclusion: downstairs
D:13 Jorgrun
Lair:1 exclusion: downstairs
Lair:3 exclusion: downstairs
Lair:5 Newt's ghost, journeyman DsGl
Shoals:3 1 runed translucent door, exclusion: door, Zuxu Cyl's ghost, adept GrEE
Spider:1 exclusion: 2 downstairs, Louise
Elf:2 3 runed translucent doors
Elf:3 3 runed translucent doors, exclusion: 3 doors
Vaults:3 36 runed doors


Message History

The zombie hands constrict the ghoul!
The necrophage misses you.
The ancient champion mumbles some strange words.
The ancient champion seems to speed up.
The ghoul struggles to escape constriction.
You hit the necrophage but do no damage.
You shatter the necrophage!!
You destroy the necrophage!
Kikubaaqudgha accepts your kill.
The zombie hands constrict the ghoul!!
The ghoul struggles to escape constriction.
The zombie hands constrict the ghoul!!!
You destroy the ghoul!
Kikubaaqudgha accepts your kill.
The ancient champion points at you and mumbles some strange words.
The iron shot hits you!!
The skeletal warrior completely misses you.
You block the skeletal warrior's attack.
Things that are here:
a +0 scimitar; a +0 battleaxe The ancient champion barely misses you.
Things that are here:
a +0 heavy great mace; a +0 chain mail
Aiming: Iron Shot (mildly dangerous; 1% risk of failure)
Press: ? - help, Q - select action, (/) - cycle Shift-Dir - straight line, f - ancient champion
Aim: an ancient champion, wielding a +1 great sword of draining and wearing a +0 chain mail (fast, 86% to hit)
You feel a surge of power!
The iron shot hits the ancient champion!!!
The ancient champion is almost destroyed.
The ancient champion casts a spell at you.
The iron shot hits you!!! The skeletal warrior misses you.
The skeletal warrior hits you with a +0 long sword!
You open the lid... ...and a mature batshock beast flies out!
The box is emptied!
The ancient champion gestures at you while chanting.
The iron shot hits you!!!
* * * LOW HITPOINT WARNING * * *
The ancient champion hits you with a +1 great sword of draining!!
You die...
Kikubaaqudgha rasps: "You have failed me!
Welcome... death!"

...# #..#≈....$::)$.
#..#§≈..§})|))$. #..# §≈≈.)):))§≈
#..# §§§≈≈≈≈≈≈§≈ #... #..#
≈§≈§≈≈≈≈≈≈ #...
.##########..#################...
)..............z.................
........†.))..zz@)H..............
...z.....#####.###...............
.........#.......#.####..........
.........#.......#.# .......
....z....#.......#.# .......
z........#.####..#.# .......
.######..#. ..#.# ####### #..#
..#.# #.# #..+ ..#.# #.#


You could see an ancient champion (fast, ally target), 2 skeletal warriors and a
friendly mature batshock beast (summoned, wandering).

Vanquished Creatures
  Mennas (Crypt:2)
  Sojobo (Crypt:2)
  Vv (Crypt:1)
  Xtahua (Crypt:1)
  A golden dragon (Vaults:3)
  Nikola (Vaults:1)
  A mutant beast (WizLab)
  A shard shrike skeleton (Crypt:2)
  2 liches (Crypt:2)
  A deep elf blademaster (Elf:3)
  An acid blob (Crypt:2)
  2 deep elf master archers (Elf:3)
  5 ancient champions
  Gastronok (Lair:2)
  The ghost of Mil Mal Serr the Warrior, an adept MiFi of Okawaru (Shoals:1)
  Kirke (Lair:3)
  9 revenants
  Ilsuiw (Shoals:4)
  5 deep elf sorcerers (Elf:3)
  2 emperor scorpions
  8 vault wardens
  A frost giant (Depths:1)
  A fire giant (Vaults:3)
  5 ghouls
  3 ghost moths
  2 curse skulls (Crypt:3)
  2 deep elf elementalists (Elf:3)
  2 orc warlords
  5 very ugly things (WizLab)
  2 war gargoyles (Vaults:1)
  An ironbound preserver (Vaults:3)
  2 ironbound thunderhulks
  A broodmother (Spider:4)
  2 deep elf demonologists
  A reaper (Crypt:2)
  8 vampire knights
  2 elemental wellsprings (Shoals:3)
  5 spark wasps
  10 deep elf annihilators (Elf:3)
  An eidolon (Crypt:2)
  An ettin (D:15)
  3 merfolk javelineers (Shoals:4)
  9 deep elf death magi
  4 entropy weavers
  6 merfolk impalers
  2 crystal guardians
  3 deep elf high priests (Elf:3)
  6 yaktaur captains
  2 fire dragons
  An ice dragon (Depths:1)
  A spriggan zombie (Crypt:3)
  6 hydras
  2 peacekeepers
  Erolcha (D:10)
  Fannar (D:11)
  A vault guard (Vaults:1)
  A jiangshi (Crypt:2)
  2 ogre magi
  An Orb Guardian zombie (Crypt:2)
  2 merfolk avatars (Shoals:4)
  A spriggan skeleton (Crypt:2)
  4 ironbound frosthearts
  2 jorogumos (Spider:3)
  7 two-headed ogres
  2 alligator snapping turtles (Shoals:4)
  5 centaur warriors
  5 boulder beetles
  6 merfolk aquamancers
  A satyr (Shoals:3)
  10 vampire magi
  19 dancing weapons
  2 tengu warriors (D:14)
  3 orc high priests (Orc:2)
  21 death yaks
  Nergalle (D:11)
  2 soul eaters
  A fire crab (Volcano)
  An emperor scorpion zombie (Crypt:1)
  16 deep elf knights
  4 pharaoh ants
  The ghost of Lobster4 the Trooper, a novice HuWn of Nemelex Xobeh (D:7)
  A fire crab (shapeshifter) (WizLab)
  25 skeletal warriors
  The ghost of Nabski the Destroyer, a novice TeFE of Hepliaklqana (D:7)
  A deep troll (shapeshifter) (WizLab)
  5 flayed ghosts (Crypt:2)
  5 orb spiders
  11 deep elf archers
  An orb spider (shapeshifter) (Elf:1)
  An obsidian statue (Vaults:2)
  10 sea snakes
  2 wizards
  A kraken simulacrum (Shoals:4)
  An anaconda zombie (Crypt:3)
  The ghost of BubbleThief the Fighter, a novice MfGl of Fedhas (D:7)
  9 deep trolls
  6 large abominations (WizLab)
  A spriggan simulacrum (Crypt:1)
  14 slime creatures
  Pikel (D:4)
  24 deep elf pyromancers
  4 steelbarb worms
  A bog body (Crypt:3)
  25 deep elf zephyrmancers
  4 necromancers
  7 ironbound convokers
  2 harpies (shapeshifter) (WizLab)
  10 harpies
  A broodmother zombie (Crypt:2)
  An eleionoma zombie (Crypt:2)
  12 orc knights
  7 phantasmal warriors
  6 lindwurms
  15 wolf spiders
  22 ugly things
  8 fauns
  7 cyclopes
  5 orc sorcerers
  A cyclops (shapeshifter) (WizLab)
  An iron dragon zombie (Crypt:3)
  13 manticores
  3 guardian serpents (shapeshifter)
  3 moths of wrath
  3 elephants (Lair:5)
  6 vault sentinels
  5 merfolk sirens
  A demonic crawler (Spider:1)
  A stone giant skeleton (Crypt:3)
  10 torpor snails
  10 water nymphs
  10 black mambas
  2 black mambas (shapeshifter) (WizLab)
  The ghost of sircluck the Covered, a novice AtFi (D:7)
  A dire elephant zombie (Crypt:1)
  A guardian serpent (Lair:5)
  A torpor snail (shapeshifter) (Elf:1)
  A kobold demonologist (D:13)
  2 naga skeletons
  An unseen horror (D:14)
  7 freezing wraiths
  An iron troll zombie (Crypt:3)
  A rime drake (Lair:2)
  20 cane toads
  5 komodo dragons
  An efreet (D:15)
  26 yaktaurs
  An ancient zyme (Abyss:4)
  4 tengu conjurers
  A meliai (shapeshifter) (WizLab)
  A harpy zombie (Crypt:3)
  4 trolls
  5 wind drakes
  27 merfolk
  2 meliai (D:15)
  3 tyrant leeches (Lair:5)
  A queen bee (shapeshifter) (Vaults:3)
  18 blink frogs
  A troll (shapeshifter) (D:14)
  A wind drake (shapeshifter) (WizLab)
  2 polar bears
  22 tarantellas
  11 hornets
  2 harpy skeletons
  2 raiju (shapeshifter) (WizLab)
  5 snapping turtles
  A tarantella (shapeshifter) (WizLab)
  A raiju (Abyss:4)
  2 dream sheep (Shoals:1)
  20 jumping spiders
  16 culicivoras
  6 flying skulls
  4 air elementals
  2 shadows
  Sigmund (D:4)
  4 wraiths
  A centaur simulacrum (D:14)
  42 yaks
  A culicivora (shapeshifter) (WizLab)
  Eustachio (D:4)
  A human (shapeshifter) (WizLab)
  7 water elementals
  A vampire (D:13)
  2 basilisks (shapeshifter) (WizLab)
  4 fire elementals
  A hog (shapeshifter) (WizLab)
  13 wyverns
  A dire elephant simulacrum (Crypt:3)
  12 fire bats (Volcano)
  A golden eye (shapeshifter) (WizLab)
  36 redbacks
  2 steam dragons
  An iron golem (WizLab)
  8 vampire mosquitoes
  3 wargs
  A harpy simulacrum (Crypt:3)
  An acid dragon (D:14)
  A two-headed ogre zombie (Crypt:1)
  32 water moccasins
  A deep troll skeleton (Crypt:2)
  5 floating eyes
  3 hell hounds
  A water nymph skeleton (Crypt:1)
  4 black bears
  30 orc warriors
  A sky beast (D:6)
  A glowing shapeshifter skeleton (Crypt:1)
  2 ice beasts
  9 ogres
  12 wolves
  3 boggarts
  A hog zombie (Crypt:2)
  7 centaurs
  A vine stalker zombie (Crypt:2)
  4 kobold brigands
  13 bullfrogs
  5 necrophages
  3 earth elementals
  6 small abominations (WizLab)
  2 gnoll sergeants
  2 scorpions
  A scorpion (shapeshifter) (Elf:2)
  A draconian skeleton (Crypt:2)
  9 wights
  A cyclops skeleton (Crypt:1)
  A water moccasin skeleton (Crypt:3)
  3 killer bees
  A howler monkey (D:9)
  9 electric eels
  7 lava snakes (Volcano)
  18 orc priests
  2 hounds
  3 jellies
  2 gnoll boudas
  2 iguanas (D:6)
  Natasha (twice) (D:4 D:3)
  12 orc wizards
  A boggart skeleton (Crypt:1)
  A tengu skeleton (Crypt:1)
  34 gnolls
  9 adders
  2 white imps
  2 ufetubi
  3 worms
  The ghost of petzl the Sneak, a weakling FoDe (D:7)
  7 dart slugs
  66 orcs
  5 bats
  A bat skeleton (Crypt:3)
  3 endoplasms
  2 giant cockroaches (D:1)
  7 goblins
  6 hobgoblins
  4 jackals (D:1)
  2 quokkas
  7 ball pythons
  A frilled lizard (D:1)
  18 kobolds
  5 rats
  A tentacle (Shoals:4)
1389 creatures vanquished.

Vanquished Creatures (collateral kills)
  A sphinx (Vaults:3)
  Frances (Elf:1)
  Agnes (Elf:1)
  2 tengu reavers (Crypt:2)
  Roxanne (Shoals:2)
  3 emperor scorpions (Spider:4)
  A deep elf sorcerer (Elf:1)
  4 broodmothers (Spider:4)
  3 very ugly things
  2 ironbound preservers (Vaults:2)
  4 stone giants (Depths:1)
  A vampire knight (Vaults:3)
  5 ironbound thunderhulks
  A deep elf demonologist (Elf:3)
  A dire elephant (Vaults:3)
  3 merfolk impalers
  3 fire dragons (Depths:1)
  3 yaktaur captains
  An entropy weaver (Spider:4)
  A great orb of eyes (Vaults:3)
  A spriggan air mage (Depths:1)
  2 merfolk avatars
  An alligator snapping turtle (Shoals:4)
  A jorogumo (Spider:4)
  An ironbound frostheart (Vaults:2)
  2 merfolk aquamancers (Shoals:4)
  A centaur warrior (Shoals:2)
  A radroach (Spider:4)
  A peacekeeper (Vaults:2)
  3 satyrs
  A dancing weapon (Elf:1)
  2 deep troll shamans (Depths:1)
  A deep troll earth mage (Depths:1)
  An iron troll (Depths:1)
  A fire crab (shapeshifter) (WizLab)
  A flayed ghost (Crypt:2)
  4 pharaoh ants
  7 deep trolls
  2 deep elf archers
  2 sea snakes (Shoals:2)
  4 ironbound convokers
  4 orb spiders (Spider:4)
  2 steelbarb worms (Spider:4)
  2 lindwurms
  5 harpies
  2 deep elf zephyrmancers (Elf:3)
  An ugly thing (WizLab)
  A deep elf pyromancer (Elf:3)
  7 wolf spiders
  6 fauns
  A salamander (shapeshifter) (WizLab)
  5 manticores
  4 merfolk sirens
  2 moths of wrath
  2 demonic crawlers
  A guardian serpent (shapeshifter) (WizLab)
  4 vault sentinels
  A torpor snail (Spider:4)
  A water nymph (Shoals:3)
  A yaktaur (shapeshifter) (WizLab)
  13 yaktaurs
  2 queen bees (shapeshifter) (WizLab)
  2 meliai (Spider:4)
  3 wind drakes (Shoals:4)
  17 merfolk
  A wind drake (shapeshifter) (WizLab)
  5 tarantellas
  A raiju (shapeshifter) (WizLab)
  11 jumping spiders
  10 slime creatures
  A jumping spider (shapeshifter) (WizLab)
  7 culicivoras
  A flying skull (Vaults:3)
  3 snapping turtles
  A wraith (Vaults:3)
  2 water elementals
  A yak (shapeshifter) (WizLab)
  A yak (Lair:4)
  A fire elemental (Elf:1)
  A hog (shapeshifter) (WizLab)
  A hog (Lair:3)
  11 redbacks
  A large abomination (WizLab)
  2 electric eels (Lair:3)
  A plant (Shoals:3)
234 creatures vanquished.

Vanquished Creatures (others)
  A spriggan air mage (Crypt:2)
  A deep elf knight (Elf:2)
  A deep elf pyromancer (Elf:2)
  A guardian serpent (shapeshifter) (Crypt:2)
  A vault sentinel (Crypt:2)
  3 yaks (Lair:4)
  2 humans (Lair:3)
  A boggart (D:13)
  An orc wizard (D:13)
  2 demonic plants (D:3)
  50 fungi
  286 plants
  2 tentacles (Shoals:4)
352 creatures vanquished.

Grand Total: 1975 creatures vanquished

Notes
Turn   | Place    | Note
-------+----------+-------------------------------------------
     0 | D:1      | browni3141 the Human Earth Elementalist began the quest for
                  | the Orb.
     0 | D:1      | Reached XP level 1. HP: 13/13 MP: 3/3
   125 | D:1      | Reached skill level 1 in Fighting
   168 | D:1      | Reached XP level 2. HP: 20/21 MP: 1/5
   547 | D:1      | Reached XP level 3. HP: 27/27 MP: 4/6
  1280 | D:2      | Learned a level 2 spell: Passwall
  1284 | D:2      | Learned a level 3 spell: Stone Arrow
  1292 | D:2      | Found Botichob's Jewellery Shoppe.
  1295 | D:2      | Reached XP level 4. HP: 29/33 MP: 4/7
  1894 | D:2      | Found a snail-covered altar of Cheibriados.
  1919 | D:2      | Found a runed translucent door.
  1920 | D:2      | Noticed Crazy Yiuf
  2026 | D:3      | Identified the +0 leather armour of the Blue Moon {+Inv
                  | rCorr Str+3 Int-3}
  2048 | D:3      | Reached skill level 1 in Conjurations
  2270 | D:3      | Reached XP level 5. HP: 38/38 MP: 3/8
  2657 | D:3      | Found a hide-covered altar of Uskayaw.
  2889 | D:3      | Identified the +4 robe "Bethruvao" {+Blink +Inv Will+}
  3203 | D:3      | Found a faded altar of an unknown god.
  3203 | D:3      | Noticed a red devil
  3340 | D:4      | Reached skill level 1 in Evocations
  3340 | D:4      | Reached XP level 6. HP: 44/44 MP: 6/10
  3380 | D:4      | Noticed Sigmund
  3381 | D:4      | Noticed Pikel
  3452 | D:4      | Noticed Natasha
  3459 | D:4      | Killed Natasha
  3503 | D:4      | Noticed Eustachio
  3511 | D:4      | Killed Eustachio
  3512 | D:4      | Reached skill level 5 in Earth Magic
  3512 | D:4      | Reached XP level 7. HP: 47/50 MP: 2/11
  3693 | D:4      | Killed Pikel
  3694 | D:4      | Reached skill level 5 in Evocations
  3694 | D:4      | Reached XP level 8. HP: 52/58 MP: 2/12
  3697 | D:4      | Noticed Natasha
  3706 | D:3      | Killed Natasha
  4055 | D:4      | Killed Sigmund
  4410 | D:4      | Found a staircase to the Ecumenical Temple.
  4424 | D:4      | Reached skill level 5 in Stealth
  4424 | D:4      | Reached skill level 1 in Maces & Flails
  4431 | Temple   | Entered the Ecumenical Temple
  4500 | Temple   | Became a worshipper of Kikubaaqudgha
  4546 | D:4      | Found Wiavvag's Antique Armour Shoppe.
  4552 | D:4      | Bought a steaming helmet for 190 gold pieces
  4552 | D:4      | Identified the +1 helmet of Zin's Displeasure {rF+} (You
                  | bought it in a shop on level 4 of the Dungeon)
  4681 | D:4      | Found a shadowy altar of Dithmenos.
  4681 | D:4      | Found a white marble altar of Elyvilon.
  4681 | D:4      | Found a broken altar of Ashenzari.
  4682 | D:4      | Found an iron altar of Okawaru.
  5240 | D:5      | Entered Level 5 of the Dungeon
  5291 | D:5      | Identified 2 scrolls of acquirement
  5291 | D:5      | Acquired the amulet of the Puckish Orange {Reflect rC+
                  | Slay+2 SH+5}
  5817 | D:5      | Found a stormy altar of Qazlal.
  6030 | D:6      | Reached XP level 9. HP: 63/63 MP: 9/13
  6035 | D:6      | Learned a level 4 spell: Petrify
  6039 | D:6      | Learned a level 3 spell: Vampiric Draining
  6713 | D:6      | Found Doqotsag's Assorted Antiques.
  6727 | D:6      | Reached * piety under Kikubaaqudgha
  6727 | D:6      | Received a gift from Kikubaaqudgha
  7051 | D:6      | Found an ornate altar of the Wu Jian Council.
  8227 | D:7      | Found a runed translucent gate.
  8227 | D:7      | Found a runed translucent gate.
  8227 | D:7      | Found a runed translucent gate.
  8230 | D:7      | Noticed Nabski's ghost (novice TeFE)
  8230 | D:7      | Noticed sircluck's ghost (novice AtFi)
  8231 | D:7      | Noticed Lobster4's ghost (novice HuWn)
  8257 | D:7      | Noticed BubbleThief's ghost (novice MfGl)
  8260 | D:7      | Noticed petzl's ghost (weakling FoDe)
  8518 | D:7      | Reached skill level 1 in Necromancy
  8728 | D:8      | Reached XP level 10. HP: 68/69 MP: 3/16
  9625 | D:8      | Reached ** piety under Kikubaaqudgha
  9639 | D:8      | Reached skill level 5 in Spellcasting
  9821 | D:8      | Reached skill level 10 in Earth Magic
 10515 | D:9      | Reached skill level 5 in Necromancy
 11137 | D:9      | Noticed a two-headed ogre
 12375 | D:9      | Killed a two-headed ogre
 12376 | D:9      | Reached skill level 5 in Fighting
 12376 | D:9      | Reached XP level 11. HP: 49/79 MP: 8/18
 12595 | D:9      | Reached skill level 5 in Dodging
 12897 | D:9      | Reached *** piety under Kikubaaqudgha
 12897 | D:9      | Received a gift from Kikubaaqudgha
 12906 | D:9      | Learned a level 2 spell: Cigotuvi's Dreadful Rot
 12912 | D:9      | Learned a level 5 spell: Borgnjor's Vile Clutch
 13085 | D:9      | Found a staircase to the Orcish Mines.
 13300 | D:9      | Found a hazy altar of Hepliaklqana.
 13329 | D:10     | Entered Level 10 of the Dungeon
 13368 | D:10     | Noticed a two-headed ogre
 13516 | D:10     | Paralysed by a hornet for 3 turns
 13937 | D:10     | Noticed Erolcha
 13968 | D:10     | Found a staircase to the Lair.
 14267 | D:10     | Killed a two-headed ogre
 14583 | Lair:1   | Entered Level 1 of the Lair of Beasts
 14800 | Lair:1   | You fall into a shaft and drop 1 floor!
 14800 | Lair:2   | Noticed a manticore
 14800 | Lair:2   | Found a staircase to the Shoals.
 15238 | Lair:1   | Reached XP level 12. HP: 86/86 MP: 14/22
 15362 | Lair:1   | Noticed a death yak
 15370 | Lair:1   | Noticed a death yak
 15439 | Lair:1   | Learned a level 2 spell: Sublimation of Blood
 15547 | Lair:1   | Noticed a death yak
 15551 | Lair:1   | Noticed a death yak
 15559 | Lair:1   | Killed a death yak
 15586 | Lair:1   | Killed a death yak
 15654 | Lair:1   | Noticed a six-headed hydra
 15656 | Lair:1   | Killed a death yak
 16105 | Lair:1   | Killed a six-headed hydra
 16272 | Lair:1   | Killed a death yak
 16273 | Lair:1   | Reached skill level 10 in Necromancy
 16414 | Lair:1   | Reached **** piety under Kikubaaqudgha
 18274 | Lair:2   | Noticed a death yak
 18277 | Lair:2   | Noticed a death yak
 18280 | Lair:2   | Noticed a death yak
 18280 | Lair:2   | Noticed a death yak
 18285 | Lair:2   | Noticed a death yak
 18651 | Lair:2   | Found an iron altar of Okawaru.
 18905 | Lair:2   | Noticed a death yak
 18932 | Lair:2   | Killed a death yak
 19206 | Lair:2   | Killed a death yak
 19207 | Lair:2   | Reached XP level 13. HP: 91/91 MP: 3/25
 19885 | Lair:2   | Noticed a seven-headed hydra
 19887 | Lair:2   | Acquired a book of Power
 19896 | Lair:2   | Learned a level 6 spell: Iron Shot
 20005 | Lair:2   | Killed a seven-headed hydra
 20095 | Lair:2   | Noticed Gastronok
 20678 | Lair:3   | Noticed Nessos
 20678 | Lair:3   | Noticed Kirke
 21429 | Lair:3   | Nessos changed into Nessos the ice beast
 21429 | Lair:3   | Noticed Nessos
 21699 | Lair:2   | Killed Nessos the ice beast
 21816 | Lair:3   | Killed Kirke
 21817 | Lair:3   | Reached skill level 5 in Conjurations
 21837 | Lair:3   | HP: 2/91 [blink frog (4)]
 22306 | Lair:3   | Found a hole to the Spider Nest.
 23347 | Lair:4   | Acquired the amulet "Hamauts" {Fragile rPois rF++ Regen+
                  | Str+3}
 23360 | Lair:4   | Acquired the +2 buckler of Nokliagi {Fly Str-2 Int+3 Dex+5}
 23427 | Lair:4   | Reached XP level 14. HP: 98/98 MP: 12/26
 23435 | Lair:4   | Reached ***** piety under Kikubaaqudgha
 24257 | Lair:4   | Found a staircase to the Slime Pits.
 24778 | Lair:3   | Reached skill level 15 in Earth Magic
 25003 | Lair:5   | Entered Level 5 of the Lair of Beasts
 25128 | Lair:5   | Found a dark tunnel.
 25199 | Volcano  | Entered a volcano
 25525 | Volcano  | Found a radiant altar of Vehumet.
 26033 | Lair:5   | Found a runed translucent door.
 26619 | Lair:5   | Found a runed translucent door.
 26619 | Lair:5   | Noticed Newt's ghost (journeyman DsGl)
 26670 | Lair:5   | Reached XP level 15. HP: 80/108 MP: 3/27
 26865 | Lair:5   | Identified the +0 pair of gloves "Daloobra" {Int+4}
 27107 | Lair:5   | Identified the +1 ring mail "Paiko" {rElec MP-9 Str+7}
 27568 | Lair:5   | Reached ****** piety under Kikubaaqudgha
 27569 | Lair:5   | Reached skill level 10 in Conjurations
 29129 | Lair:2   | Killed Gastronok
 29247 | Orc:1    | Entered Level 1 of the Orcish Mines
 29247 | Orc:1    | Found Myd Duom's Book Shoppe.
 29682 | Orc:2    | Entered Level 2 of the Orcish Mines
 30083 | Orc:2    | Noticed an orc warlord
 30101 | Orc:2    | Killed an orc warlord
 30316 | Orc:2    | Reached skill level 10 in Dodging
 30383 | Orc:2    | Found Imeg's Antique Weapon Shoppe.
 30428 | Orc:2    | Found a staircase to the Elven Halls.
 30699 | Orc:2    | Found Uremueg's General Store.
 30707 | Orc:2    | Bought a potion of haste for 130 gold pieces
 30707 | Orc:2    | Bought a scroll of identify for 26 gold pieces
 30719 | Orc:2    | Found Esumuz's Jewellery Boutique.
 31020 | Orc:2    | Found Defuth's Antique Armour Emporium.
 31550 | D:2      | Bought the ring of Worefid {Wiz Str+4 Int+4} for 538 gold
                  | pieces
 31552 | D:2      | Bought the ring "Soewemom" {AC+4 Int+2 Dex+2} for 514 gold
                  | pieces
 31725 | D:7      | Killed Nabski's ghost
 31729 | D:7      | Killed Lobster4's ghost
 31755 | D:7      | Killed BubbleThief's ghost
 31797 | D:7      | Killed sircluck's ghost
 31799 | D:7      | Killed petzl's ghost
 32062 | D:10     | Killed Erolcha
 32218 | D:11     | Identified the ring "Buicuoch" {Fly rC+ rN++ Str+2}
 32218 | D:11     | Noticed Nergalle
 32227 | D:11     | Killed Nergalle
 32228 | D:11     | Reached skill level 10 in Fighting
 32521 | D:11     | Reached skill level 5 in Maces & Flails
 32521 | D:11     | Reached XP level 16. HP: 122/122 MP: 16/28
 32812 | D:11     | Noticed Fannar
 32820 | D:11     | Killed Fannar
 33702 | D:12     | You are sucked into a shaft and drop 1 floor!
 34919 | D:13     | Noticed Jorgrun
 35604 | D:13     | Found a gate to the Vaults.
 37465 | D:15     | Entered Level 15 of the Dungeon
 38253 | D:15     | Reached skill level 10 in Spellcasting
 38389 | D:15     | Reached XP level 17. HP: 128/128 MP: 20/31
 39462 | D:15     | Identified the +1 quarterstaff of Athosets {flame, Fragile
                  | rN+ Will+}
 39471 | D:15     | Found Inavish's Distillery.
 39710 | D:15     | Found a staircase to the Depths.
 39978 | Spider:1 | Entered Level 1 of the Spider Nest
 40321 | Spider:1 | Identified the amulet "Sikh" {Acrobat Fragile Fly rF-
                  | rCorr}
 40666 | Spider:1 | Noticed Louise
 43434 | Spider:4 | Entered Level 4 of the Spider Nest
 45144 | Spider:2 | Reached XP level 18. HP: 127/136 MP: 14/32
 45724 | Spider:2 | Learned a level 6 spell: Simulacrum
 45729 | Spider:2 | Learned a level 4 spell: Anguish
 45957 | Elf:1    | Entered Level 1 of the Elven Halls
 46242 | Elf:1    | Noticed Agnes
 46244 | Elf:1    | Noticed Frances
 46251 | Elf:1    | Killed Agnes
 46261 | Elf:1    | Killed Frances
 46431 | Elf:1    | Paralysed by an air elemental for 1 turns
 47554 | Elf:1    | Found Peameoshoi's Book Shoppe.
 47557 | Elf:1    | Found Vash's Antique Weapon Emporium.
 48690 | Elf:2    | Found a runed translucent gate.
 48690 | Elf:2    | Found a runed translucent gate.
 49463 | Elf:1    | Found an ancient bone altar of Kikubaaqudgha.
 49880 | Elf:2    | Found a runed translucent gate.
 49938 | Elf:2    | Reached XP level 19. HP: 140/144 MP: 12/34
 50098 | Elf:2    | HP: 2/144 [something/shard of ice (32)]
 50349 | Elf:2    | Found an ancient bone altar of Kikubaaqudgha.
 51134 | D:6      | Bought a scroll of teleportation for 75 gold pieces
 51134 | D:6      | Bought a potion of heal wounds for 125 gold pieces
 51134 | D:6      | Bought a potion of curing for 75 gold pieces
 51134 | D:6      | Bought a distressingly furry ring mail for 225 gold pieces
 51134 | D:6      | Identified the +3 ring mail of the Moon {rN+ Will+ Dex+2}
                  | (You bought it in a shop on level 6 of the Dungeon)
 51134 | D:6      | Bought a faintly glowing ring mail for 225 gold pieces
 51134 | D:6      | Identified the +3 ring mail of Howling Wind {Drain +Blink
                  | Int+2 Dex+7} (You bought it in a shop on level 6 of the
                  | Dungeon)
 51134 | D:6      | Bought a scroll of teleportation for 75 gold pieces
 51134 | D:6      | Bought a wand of iceblast (4) for 240 gold pieces
 51300 | D:15     | Bought a potion of berserk rage for 80 gold pieces
 51300 | D:15     | Bought a potion of brilliance for 64 gold pieces
 51300 | D:15     | Bought a potion of lignification for 48 gold pieces
 51300 | D:15     | Bought a potion of berserk rage for 80 gold pieces
 51300 | D:15     | Bought a potion of curing for 48 gold pieces
 51493 | Elf:3    | Entered Level 3 of the Elven Halls
 51494 | Elf:3    | Found a runed translucent gate.
 51495 | Elf:3    | Found a runed translucent gate.
 51496 | Elf:3    | Found a runed translucent gate.
 52582 | Elf:3    | Reached skill level 1 in Ice Magic
 52995 | Abyss:3  | Cast into level 3 of the Abyss (a deep elf sorcerer)
 52998 | Abyss:3  | Learned a level 1 spell: Apportation
 53024 | Abyss:3  | Noticed a hellephant
 53033 | Abyss:3  | Found a corrupted altar of Lugonu.
 53033 | Abyss:3  | Noticed a hellephant
 53035 | Abyss:3  | Got an abyssal rune of Zot
 53047 | Abyss:4  | Found a corrupted altar of Lugonu.
 53124 | Elf:3    | Escaped the Abyss
 53614 | Elf:3    | Noticed a Hell Sentinel
 53951 | Elf:3    | Noticed a deep elf blademaster
 53964 | Elf:3    | Killed a deep elf blademaster
 54090 | Elf:3    | Identified the amulet "Juixa" {Reflect rC+ Dex+2 SH+5}
 55172 | Elf:3    | Identified the +0 mace "Grim Tooth" {heavy, Dex+4}
 55177 | Elf:3    | Acquired a staff of earth
 55458 | Shoals:1 | Entered Level 1 of the Shoals
 55484 | Shoals:1 | Found a runed translucent gate.
 55487 | Shoals:1 | Found a runed translucent gate.
 55909 | Shoals:1 | Identified the amulet of No Interval {Acrobat rPois rF++
                  | Dex+2}
 56230 | Shoals:1 | Reached skill level 1 in Staves
 56973 | Shoals:1 | Found a runed translucent gate.
 56975 | Shoals:1 | Noticed Mil Mal Serr's ghost (adept MiFi)
 57289 | Shoals:1 | Killed Mil Mal Serr's ghost
 57290 | Shoals:1 | Reached XP level 20. HP: 72/153 MP: 0/35
 57294 | Shoals:1 | Identified the +2 great sword of a volcano {vamp, rN+ Str+4
                  | Dex+2}
 57501 | Shoals:2 | Identified Roxanne's Incunable of the Switch
 57501 | Shoals:2 | Noticed Roxanne
 57521 | Shoals:2 | Killed Roxanne
 57586 | Shoals:2 | Reached XP level 21. HP: 107/159 MP: 19/36
 57587 | Shoals:2 | Received a gift from Kikubaaqudgha
 57825 | Shoals:2 | Reached skill level 15 in Necromancy
 58623 | Shoals:3 | Found a runed translucent door.
 58626 | Shoals:3 | Noticed Zuxu Cyl's ghost (adept GrEE)
 60071 | Shoals:4 | Entered Level 4 of the Shoals
 60568 | Shoals:4 | Noticed Ilsuiw
 60577 | Shoals:4 | Killed Ilsuiw
 60611 | Shoals:4 | Reached skill level 5 in Ice Magic
 60875 | Shoals:4 | Reached skill level 10 in Stealth
 60913 | Shoals:4 | Got a barnacled rune of Zot
 61534 | Shoals:4 | Identified the +5 rapier "Rudaug" {flame, Will++ Dex+4}
 62437 | Depths:1 | Entered Level 1 of the Depths
 62440 | Depths:1 | Found Vagi Eha's Armour Shoppe.
 62496 | Depths:1 | Bought the +2 pair of boots of Quantum Leap {Regen+ Int+7
                  | Slay-6 SInv} for 349 gold pieces
 62512 | Depths:1 | Found a one-way gateway to a ziggurat.
 62698 | Depths:1 | Found a gateway to Hell.
 62718 | Depths:1 | Reached XP level 22. HP: 154/168 MP: 11/38
 62732 | Depths:1 | Found a magical portal.
 62741 | WizLab   | Entered Cigotuvi's Fleshworks
 63204 | WizLab   | Reached skill level 5 in Staves
 63391 | WizLab   | Paralysed by a floating eye for 3 turns
 63414 | WizLab   | Identified the ring "Duejozaemm" {rF+ Will+ MP+9}
 64030 | WizLab   | Reached skill level 5 in Transmutations
 64036 | WizLab   | Got Sif Muna's Quarto of Shaping
 64044 | WizLab   | Got Sif Muna's Guidebook on Forms
 64587 | Depths:1 | Found Qaafeny's Island Escapes.
 64595 | Depths:1 | Bought a scroll of teleportation for 54 gold pieces
 64595 | Depths:1 | Bought a potion of invisibility for 144 gold pieces
 64595 | Depths:1 | Bought a potion of invisibility for 144 gold pieces
 64595 | Depths:1 | Bought a scroll of blinking for 135 gold pieces
 64595 | Depths:1 | Bought a potion of invisibility for 144 gold pieces
 65022 | Spider:3 | Reached skill level 10 in Evocations
 68093 | Spider:4 | Got a gossamer rune of Zot
 68430 | Vaults:1 | Entered Level 1 of the Vaults
 68587 | Vaults:1 | Found Koesil's Armour Shop.
 68766 | Vaults:1 | Noticed Nikola
 68777 | Vaults:1 | Killed Nikola
 69030 | Vaults:1 | Reached XP level 23. HP: 123/176 MP: 5/40
 70484 | Vaults:2 | Reached skill level 15 in Dodging
 71635 | Vaults:2 | Identified the +6 arbalest of the Silent Majority {flame,
                  | rN+}
 73436 | Vaults:3 | Found a huge runed gate.
 73436 | Vaults:3 | Found a huge runed gate.
 73437 | Vaults:3 | Found a huge runed gate.
 73531 | Vaults:3 | Found a staircase to the Crypt.
 73533 | Vaults:3 | Noticed a golden dragon
 73542 | Vaults:3 | Killed a golden dragon
 73688 | Vaults:3 | Found a huge runed gate.
 73688 | Vaults:3 | Found a huge runed gate.
 73688 | Vaults:3 | Found a huge runed gate.
 73688 | Vaults:3 | Found a huge runed gate.
 73691 | Vaults:3 | Found a huge runed gate.
 73691 | Vaults:3 | Found a huge runed gate.
 73692 | Vaults:3 | Found a huge runed gate.
 73693 | Vaults:3 | Found a huge runed gate.
 73693 | Vaults:3 | Found a huge runed gate.
 73693 | Vaults:3 | Found a huge runed gate.
 73697 | Vaults:3 | Found a huge runed gate.
 73697 | Vaults:3 | Found a huge runed gate.
 73697 | Vaults:3 | Found a huge runed gate.
 73697 | Vaults:3 | Found a huge runed gate.
 73697 | Vaults:3 | Found a huge runed gate.
 73697 | Vaults:3 | Found a huge runed gate.
 73708 | Vaults:3 | Found a huge runed gate.
 73708 | Vaults:3 | Found a huge runed gate.
 73708 | Vaults:3 | Found a huge runed gate.
 73708 | Vaults:3 | Found a huge runed gate.
 73708 | Vaults:3 | Found a huge runed gate.
 73708 | Vaults:3 | Found a huge runed gate.
 73709 | Vaults:3 | Found a huge runed gate.
 73710 | Vaults:3 | Found a huge runed gate.
 73711 | Vaults:3 | Found a huge runed gate.
 73719 | Vaults:3 | Found a huge runed gate.
 73719 | Vaults:3 | Found a huge runed gate.
 73719 | Vaults:3 | Found a huge runed gate.
 73719 | Vaults:3 | Found a huge runed gate.
 73719 | Vaults:3 | Found a huge runed gate.
 73719 | Vaults:3 | Found a huge runed gate.
 73720 | Vaults:3 | Found a huge runed gate.
 73721 | Vaults:3 | Found a huge runed gate.
 74068 | Crypt:1  | Entered Level 1 of the Crypt
 74616 | Crypt:1  | Noticed Vv
 74626 | Crypt:1  | Killed Vv
 74836 | Crypt:1  | Reached XP level 24. HP: 185/185 MP: 2/40
 75388 | Crypt:1  | You are sucked into a shaft and drop 1 floor!
 75914 | Crypt:1  | Noticed Xtahua
 75921 | Crypt:1  | Killed Xtahua
 77074 | Crypt:2  | Noticed Mennas
 77095 | Crypt:2  | Killed Mennas
 77792 | Crypt:2  | Noticed Sojobo
 77802 | Crypt:2  | Killed Sojobo
 78313 | Crypt:3  | Entered Level 3 of the Crypt
 79143 | Crypt:3  | Found the +7 captain's cutlass {speed, disarm}
 79144 | Crypt:3  | Found the +8 storm bow {elec, penet}
 79145 | Crypt:3  | Found the +8 frozen axe "Frostbite" {freeze, freezing
                  | cloud, *Noise Fly rC+}
 79430 | Crypt:3  | Reached skill level 15 in Conjurations
 79440 | Crypt:3  | Slain by an ancient champion

Illustrated notes

Levels and vault maps discovered:
D:1:      psy_arrival_terrarium, layout_loops_ring, minmay_domino_2
D:2:      layout_basic, serial_shops, nicolae_shop_statue_plus, basic_altar,
          uniq_crazy_yiuf_cottage
D:3:      layout_loops_corners, eat_drink_and_be_merry_uskayaw,
          dreamdust_ecumenical_altar_sealed_demon
D:4:      layout_loops_ring, chequers_temple_overflow_statue_of_worship,
          minmay_temple_entry_sparse_star, serial_shops, nicolae_shop_stone,
          minmay_misc_feat_more_columns, kennysheep_generic_room_10, uniq_pikel,
          uniq_sigmund, uniq_eustachio, uniq_natasha
D:5:      layout_cave_pools, kennysheep_little_box
D:6:      layout_basic, mainiacjoe_overflow_six_doors_small, serial_shops,
          nicolae_lakefront_shop
D:7:      layout_rooms, gammafunk_ghost_cemetery
D:8:      layout_loops_ring, kennysheep_generic_room_11
D:9:      layout_loops_ring, kennysheep_mini, erik_orc_2
D:10:     layout_roguey, dpeg_oklobed_lair, minmay_misc_feat_alley, uniq_erolcha
D:11:     layout_loops_ring, uniq_nergalle, uniq_fannar
D:12:     layout_basic, hangedman_decor_opposing
D:13:     layout_layer_cave, hangedman_vaults_entry_quadrant_bands, uniq_jorgrun
D:14:     layout_small_grid, serial_bayou, serial_bayou_pond_e,
          serial_bayou_lake_a, serial_bayou_pond_c, serial_bayou_shore_b
D:15:     hangedman_depths_entry_civil_slaughter, layout_basic, serial_shops,
          nicolae_shop_hallway_plus, minivault_11, onia_ninara_cookie
Temple:   nicolae_temple_great_sept
Lair:1:   layout_layer_cave
Lair:2:   layout_cave_pods, minmay_shoals_entry_beasts, basic_altar,
          chequers_serial_rivers_room_b, st_stairs_3, serial_bayou_ford_a,
          infiniplex_staircase_pool_2, lemuel_fruit_fields, uniq_gastronok
Lair:3:   layout_cave_shapes, nicolae_spider_entry_orb_guardian, serial_bayou,
          serial_bayou_lagoon_a, serial_bayou_pond_b, serial_bayou_pond_a,
          serial_bayou_pond_d, lemuel_fruit_tree, uniq_nessos, uniq_kirke
Lair:4:   layout_regular_city, nicolae_slime_entry_field_trip,
          beast_lair_carwin_10
Lair:5:   wormcave, layout_gridlike, hangedman_lair_tendril_chambers,
          ebering_ghost_reflecting_pool, enter_volcano_3,
          nicolae_quartered_pool_little
Shoals:1: layout_shoals, ebering_ghost_rock_garden
Shoals:2: layout_shoals, uniq_roxanne
Shoals:3: layout_shoals, ebering_ghost_inner_flame,
          nicolae_shoals_spring_well_temple
Shoals:4: shoals_end_grunt_ice, layout_shoals, shoals_ilsuiw_ice
Spider:1: layout_spider_delve, hangedman_spider_tarantella_strand, uniq_louise
Spider:2: layout_spider_delve, nicolae_spider_bzzzt
Spider:3: layout_chambers
Spider:4: hellmonk_spider_rune_endless_swarm
Orc:1:    layout_diamond_mine, serial_shops, shop
Orc:2:    grunt_orc_gardens, layout_caves, grunt_orc_garden, grunt_orc_garden,
          grunt_orc_garden, grunt_orc_garden
Elf:1:    minmay_elf_arrival_summoners, layout_onion_city, serial_shops,
          nicolae_shop_trees, hangedman_elven_crosses_minicolossus,
          nicolae_take_the_stairs, lemuel_upstairs_altar, uniq_agnes,
          uniq_frances
Elf:2:    elven_hall_of_blades_hangedman_original
          [nicolae_blade_entry_crossed_weapons], layout_geoelf_octagon,
          basic_altar
Elf:3:    minmay_elf_hall_dome, layout_geoelf_castle, hex_medium,
          nicolae_elf_glass_and_crystal_pillar_2,
          nicolae_gammafunk_elf_defective_weapons_storage
Vaults:1: hangedman_vaults_cutoff, v_misc_25, v_rooms_6,
          nicolae_vaults_little_squares_6, layout_vaults_omnigrid, serial_shops,
          shop_statue, uniq_nikola
Vaults:2: nicolae_vaults_network_quincunx
          [nicolae_vaults_network_quincunx_subvault,
          nicolae_vaults_network_quincunx_subvault,
          nicolae_vaults_network_quincunx_subvault,
          nicolae_vaults_network_quincunx_subvault,
          nicolae_vaults_network_quincunx_subvault],
          nicolae_vaults_statue_guard, vaults_dpeg_emergency_exit, v_misc_32,
          v_alt_pattern_3, nicolae_vaults_asterisk, vaults_dpeg_ring,
          nicolae_vaults_yaktaur_gun_rack, ontoclasm_vaults_ligature,
          layout_vaults_big_room
Vaults:3: vaults_room_glass_cross, minmay_crypt_entry_simple_sparse, v_misc_12,
          not_door_vault_mu, nicolae_vaults_puzzle_piece, v_misc_27,
          hangedman_vaults_snaps, hangedman_vaults_impose,
          grunt_vaults_diagonal, nicolae_vaults_big_ls, serial_ice_b,
          vaults_mumra_minichess_inversion, vaults_room_fancy_cross,
          layout_vaults_omnibox
Crypt:1:  layout_chaotic_city, uniq_vv, uniq_xtahua
Crypt:2:  layout_basic, evilmike_ambush [evilmike_ambush_outer_pillars,
          evilmike_ambush_inner_basic], grunt_megastairs_3, uniq_mennas,
          uniq_sojobo
Crypt:3:  david_glass_crypt, layout_chaotic_city, tomb_entry_simple_bobbens,
          uniq_frederick
Depths:1: layout_twisted_cross, enter_ziggurat_c, serial_bayou_shore_b,
          serial_shops, nicolae_shop_statue_plus, hell_entry,
          infiniplex_enter_wizlab_water, nicolae_island_escapes

Skill      XL: |  1  2  3  4  5  6  7  8  9 10 11 12 13 14 15 16 17 18 19 20 21 22 23 24 |
---------------+-------------------------------------------------------------------------+-----
Fighting       | 1 2 3 5 7 10 11 12 13 14 | 14.9
Conjurations   | 1 2 6 9 10 11 12 13 14 15 | 15.0
Earth Magic    | 4 5 6 9 10 11 14 15 | 15.0
Evocations     | 1 2 5 6 7 8 9 10 11 12 | 12.5
Spellcasting   | 3 4 5 7 8 10 11 12 13 14 | 14.4
Stealth        | 5 6 7 9 10 11 12 13 | 13.4
Maces & Flails | 3 5 |  5.0
Necromancy     | 1 5 7 10 12 13 14 15 | 15.0
Transmutations | 3 4 6 |  6.0
Dodging        | 4 6 7 10 12 13 14 15 | 15.0
Ice Magic      | 3 4 5 6 |  6.0
Staves         | 1 2 4 6 8 9 |  9.4

Action                     |  1- 3 |  4- 6 |  7- 9 | 10-12 | 13-15 | 16-18 | 19-21 | 22-24 || total
---------------------------+-------+-------+-------+-------+-------+-------+-------+-------++-------
  Melee: Club              |    10 |     6 |       |       |       |       |       |       ||    16
         Whip              |       |       |   126 |   341 |   722 |   597 |    21 |       ||  1807
         Punch             |       |       |     3 |       |       |       |       |       ||     3
         Staff             |       |       |       |       |       |    28 |   215 |   504 ||   747
  Throw: Dart              |       |     1 |     1 |       |       |       |       |       ||     2
   Cast: Sandblast         |    44 |    85 |    29 |    26 |     5 |     1 |     4 |       ||   194
         Stone Arrow       |       |     1 |    69 |   174 |   279 |   293 |   208 |   161 ||  1185
         Passwall          |       |       |     1 |    12 |     4 |     1 |       |       ||    18
         Petrify           |       |       |     2 |    24 |     6 |       |     1 |       ||    33
         Vampiric Draining |       |       |       |     5 |       |       |       |       ||     5
         Borgnjor's Vile C |       |       |       |    30 |   110 |   201 |    85 |   134 ||   560
         Sublimation of Bl |       |       |       |     3 |    12 |    16 |    15 |    30 ||    76
         Iron Shot         |       |       |       |       |    18 |    71 |    96 |   221 ||   406
         Simulacrum        |       |       |       |       |       |       |    58 |    97 ||   155
         Apportation       |       |       |       |       |       |       |     1 |       ||     1
         Anguish           |       |       |       |       |       |       |     1 |       ||     1
 Invoke: Torment           |       |       |       |       |     2 |       |       |       ||     2
         Receive Forbidden |       |       |       |       |       |       |     1 |       ||     1
         Unearth Wretches  |       |       |       |       |       |       |       |     2 ||     2
Ability: Evoke Blink       |       |       |       |       |       |     3 |     1 |     1 ||     5
  Evoke: Wand              |       |       |       |       |    21 |    16 |    10 |     6 ||    53
         Box of beasts     |       |       |       |       |       |       |     2 |     4 ||     6
         Condenser vane    |       |       |       |       |       |       |     1 |     3 ||     4
    Use: Scroll            |       |       |    10 |     7 |    19 |    16 |     5 |     3 ||    60
         Potion            |       |       |       |     1 |     9 |     6 |     7 |     8 ||    31
   Stab: Petrified         |       |       |    16 |    29 |    18 |       |       |       ||    63
         Sleeping          |       |       |     1 |     1 |     2 |     2 |       |     8 ||    14
         Distracted        |       |       |       |     2 |       |       |     8 |     5 ||    15
         Paralysed         |       |       |       |       |       |       |       |     2 ||     2
 Armour: Robe              |     3 |     3 |    26 |    43 |   137 |   369 |       |       ||   581
         Leather armour    |       |     2 |       |       |       |       |       |       ||     2
         Ring mail         |       |       |       |       |       |       |   134 |   245 ||   379
  Dodge: Dodged            |    25 |    36 |   122 |   277 |   717 |   894 |   390 |   771 ||  3232
  Block: Other             |       |       |    16 |     7 |     1 |       |       |       ||    24
         Buckler           |       |       |       |   174 |   317 |   299 |   145 |   285 ||  1220
         Reflection        |       |       |       |    11 |     2 |       |       |       ||    13

Table legend: (Time is in decaauts)
 A = Elapsed time spent in this place.
 B = Non-inter-level travel time spent in this place.
 C = Inter-level travel time spent in this place.
 D = Time resting spent in this place.
 E = Time spent auto-exploring this place.
 F = Levels seen in this place.
 G = Mean time per level.
                   A        B        C        D        E       F      G
               +--------+--------+--------+--------+--------+-----+--------+
         Total |  79552 |  74134 |   5418 |  17820 |  40584 |  45 | 1767.8 |
       Dungeon |  24373 |  21633 |   2740 |   3642 |  13767 |  15 | 1624.9 |
        Temple |     81 |     70 |     11 |      0 |     59 |   1 |   81.0 |
          Lair |  14963 |  13778 |   1185 |   4200 |   6764 |   5 | 2992.6 |
        Shoals |   6820 |   6615 |    205 |   1123 |   3675 |   4 | 1705.0 |
   Spider Nest |   9029 |   8545 |    484 |   2431 |   4433 |   4 | 2257.2 |
  Orcish Mines |   2483 |   2285 |    198 |    788 |    982 |   2 | 1241.5 |
   Elven Halls |   8199 |   7967 |    232 |   2880 |   3551 |   3 | 2733.0 |
        Vaults |   5411 |   5181 |    230 |    887 |   3205 |   3 | 1803.7 |
         Crypt |   5321 |   5260 |     61 |   1294 |   3096 |   3 | 1773.7 |
        Depths |    826 |    756 |     70 |    141 |    301 |   1 |  826.0 |
         Abyss |    128 |    128 |      0 |     49 |      0 |   2 |   64.0 |
       Volcano |    471 |    471 |      0 |     90 |    160 |   1 |  471.0 |
        Wizlab |   1442 |   1442 |      0 |    295 |    591 |   1 | 1442.0 |
               +--------+--------+--------+--------+--------+-----+--------+

Top non-repeatable levels by time:
  Lair:1: 3969 daAuts
   Elf:3: 3642 daAuts
  Lair:5: 3561 daAuts
  Lair:2: 3249 daAuts
Spider:3: 3175 daAuts
   Elf:1: 2979 daAuts
Spider:1: 2791 daAuts
     D:8: 2678 daAuts
 Crypt:2: 2604 daAuts
    D:15: 2255 daAuts
     D:9: 2213 daAuts
  Lair:4: 2147 daAuts
Shoals:4: 2137 daAuts
Shoals:1: 2051 daAuts
  Lair:3: 2036 daAuts
